[Event "Titled Tuesday Blitz November 14 Early 2023"]
[White "MarijaKuznecova"]
[Black "Mazzilli, Piero"]
[BlackFideId "807087"]
[WhiteElo "2375"]
[BlackElo "2315"]
[Result "0-1"]
[Round "3"]
[TimeControl "180+1"]
[Date "2023.11.14"]
[WhiteClock "0:00:03"]
[BlackClock "0:00:08"]
[Board "220"]

1. e4 c5 2. Nf3 d6 3. d4 cxd4 4. Nxd4 Nf6 5. Nc3 a6 6. Be3 e6 7. g4 h6 8. h3 b5 9. Bg2 Bb7 10. a3 Nbd7 11. f4 Qc7 12. Qe2 Rc8 13. Bf3 Nc5 14. Bf2 Be7 15. h4 Nfd7 16. g5 hxg5 17. hxg5 Rxh1+ 18. Bxh1 e5 19. Nf5 Bf8 20. O-O-O exf4 21. Nd5 Bxd5 22. exd5+ Ne5 23. Kb1 g6 24. Nd4 Bg7 25. Bf3 Kf8 26. Rh1 Re8 27. Rh7 Kg8 28. Rh4 Qe7 29. Qf1 Qxg5 30. Qh3 Nxf3 31. Nxf3 Qxd5 32. Qh1 Re2 33. Be1 Qe4 34. Bd2 Rf2 35. Rh3 Ne6 36. b3 Nd4 37. Nxd4 Qxd4 38. Rd3 Qb2# 0-1


[Site "https://www.chess.com"]

[Event "Titled Tuesday Blitz November 14 Early 2023"]
[White "Fernandez Hernandez, Gerardo"]
[Black "Skaric, Djuro"]
[WhiteFideId "2207400"]
[BlackFideId "934569"]
[WhiteElo "2120"]
[BlackElo "2367"]
[Result "0-1"]
[Round "3"]
[TimeControl "180+1"]
[Date "2023.11.14"]
[WhiteClock "0:00:03"]
[BlackClock "0:00:37"]
[Board "221"]

1. e4 d6 2. d4 g6 3. Nc3 Bg7 4. Nf3 Nf6 5. Be2 O-O 6. O-O Nc6 7. d5 Ne5 8. Nxe5 dxe5 9. Bc4 Ne8 10. Be3 Nd6 11. Bb3 h6 12. Qd2 Kh7 13. f3 f5 14. Qd3 f4 15. Bf2 g5 16. Ne2 Rf6 17. c4 Rg6 18. c5 Nf7 19. d6 e6 20. Rfd1 cxd6 21. cxd6 Bd7 22. Rac1 h5 23. Nc3 Nh6 24. Nb5 g4 25. Kf1 Qg5 26. Rc7 Rd8 27. Ke2 a6 28. Na3 gxf3+ 29. gxf3 Qg2 30. Rg1 Qxh2 31. Rxg6 Kxg6 32. Rxd7 Rxd7 33. Bxe6 Rd8 34. Nc4 Kf6 35. Bf5 Nxf5 36. exf5 b5 37. Nxe5 Kxe5 38. Qd4+ Kxf5 39. Qxg7 Rxd6 40. Qf7+ Rf6 41. Qd5+ Kg6 42. Qg8+ Kh6 43. Qh8+ Kg6 44. Qg7+ Kxg7 0-1


[Site "https://www.chess.com"]

[Event "Titled Tuesday Blitz November 14 Early 2023"]
[White "Mestnikov, Aisen"]
[Black "Ghosh, Chanchal Kumer"]
[WhiteFideId "34130117"]
[BlackFideId "10201858"]
[WhiteElo "2366"]
[BlackElo "2112"]
[Result "0-1"]
[Round "3"]
[TimeControl "180+1"]
[Date "2023.11.14"]
[WhiteClock "0:00:07"]
[BlackClock "0:00:05"]
[Board "222"]

1. d4 d5 2. Nf3 e6 3. c4 Nf6 4. g3 Be7 5. Bg2 b6 6. O-O Bb7 7. Ne5 O-O 8. Nc3 a6 9. Bf4 Nbd7 10. Qc2 c5 11. Rfd1 cxd4 12. Rxd4 Rc8 13. Rad1 Bc5 14. R4d2 Nxe5 15. Bxe5 Bxf2+ 16. Kxf2 Ng4+ 17. Kg1 Nxe5 18. cxd5 exd5 19. Bxd5 Bxd5 20. Rxd5 Qf6 21. Qe4 Nc4 22. Rf1 Qh6 23. Rd7 Nd2 24. Qf4 Nxf1 25. Qxh6 gxh6 26. Kxf1 Rfd8 27. Rb7 b5 28. Rb6 Rd2 29. Rxa6 Rxb2 30. Nd5 Rcc2 31. Nf4 Rxa2 32. Rb6 Rc5 33. Nd3 Rf5+ 34. Ke1 h5 35. h4 Ra1+ 36. Kd2 Rg1 37. Nf4 Rxg3 38. e3 Re5 39. Rb8+ Kg7 40. Rb7 Kf8 41. Rb8+ Ke7 42. Rb7+ Ke8 43. Rb8+ Kd7 44. Rb7+ Kc6 45. Rxf7 Rexe3 46. Rf6+ Kb7 47. Ne2 Rh3 48. Rh6 Ra3 49. Kc1 Ra2 50. Nc3 Rh1+ 51. Nd1 Ra1+ 52. Kc2 Raxd1 53. Rxh7+ Ka6 54. Rxh5 Rd4 55. Rh8 Ka5 56. h5 Rdh4 57. h6 Rxh6 58. Ra8+ Kb4 59. Rg8 R1h2+ 60. Kd3 R6h3+ 61. Kd4 Kb3 62. Rg4 Rh4 63. Kc5 Rxg4 64. Kb6 Rh5 65. Ka5 b4+ 66. Kb6 Rg6+ 67. Kc7 Rh7+ 68. Kd8 Rg8# 0-1


[Site "https://www.chess.com"]

[Event "Titled Tuesday Blitz November 14 Early 2023"]
[White "Jamal-Jamal-Jamal"]
[Black "vovasev"]
[WhiteElo "2365"]
[BlackElo "2110"]
[Result "1-0"]
[Round "3"]
[TimeControl "180+1"]
[Date "2023.11.14"]
[WhiteClock "0:00:15"]
[BlackClock "0:00:45"]
[Board "223"]

1. e4 Nf6 2. e5 Nd5 3. d4 d6 4. Nf3 Bg4 5. Be2 e6 6. c4 Nb6 7. exd6 cxd6 8. Nc3 Be7 9. h3 Bh5 10. b3 O-O 11. O-O d5 12. c5 Nc8 13. b4 Bxf3 14. Bxf3 Bf6 15. Bf4 Ne7 16. Ne2 Nbc6 17. Qd2 Nf5 18. Be3 Nxe3 19. fxe3 e5 20. b5 Na5 21. Rac1 e4 22. Bg4 Nc4 23. Rxc4 dxc4 24. Nc3 Re8 25. Be2 Rc8 26. Qc2 Bxd4 27. exd4 Qxd4+ 28. Kh1 Rxc5 29. Rd1 Qe5 30. Qd2 g6 31. Qd4 Qxd4 32. Rxd4 f5 33. Bxc4+ Kg7 34. Ne2 Rec8 35. Bb3 R8c7 36. Nf4 Kf6 37. Nd5+ Ke5 38. Nxc7 Rxc7 39. Rd8 f4 40. Kg1 g5 41. Kf2 h5 42. Rd5+ Kf6 43. Ke2 g4 44. Rxh5 f3+ 45. gxf3 exf3+ 46. Kf2 gxh3 47. Rxh3 Rc5 48. Rxf3+ Ke5 49. a4 Kd4 50. Ke2 Rh5 51. Bd1 Rh2+ 52. Ke1 Kc5 53. Rf7 Kb6 54. Bf3 Ka5 55. Bxb7 Kxa4 56. Ba6 Ka5 57. Rxa7 Kb6 58. Re7 Ka5 59. Re2 Rh3 60. Kd2 Rg3 61. Re3 Rg6 62. Kd3 Kb6 63. Kd4 Rd6+ 64. Kc4 Rh6 65. Kd5 Rg6 66. Re6+ Rxe6 67. Kxe6 Ka7 68. Kd6 Kb8 69. b6 Ka8 70. Kc6 Kb8 71. Bf1 Ka8 72. Bd3 Kb8 73. Bh7 Ka8 74. b7+ Kb8 75. Bg8 Ka7 76. Kc7 Ka6 77. b8=Q Ka5 78. Bb3 Ka6 79. Qb6# 1-0


[Site "https://www.chess.com"]

[Event "Titled Tuesday Blitz November 14 Early 2023"]
[White "Suduvasachmatai"]
[Black "Tarasova, Viktoriya"]
[BlackFideId "4175840"]
[WhiteElo "2107"]
[BlackElo "2364"]
[Result "1-0"]
[Round "3"]
[TimeControl "180+1"]
[Date "2023.11.14"]
[WhiteClock "0:01:54"]
[BlackClock "0:01:57"]
[Board "224"]

1. e4 e5 2. Nf3 Nc6 3. c3 Nf6 4. d4 d5 5. dxe5 Nxe4 6. Bb5 Bc5 7. Nd4 O-O 8. O-O Bd7 9. Bxc6 bxc6 10. Be3 Bb6 11. Nd2 Nxd2 12. Qxd2 Qe7 13. Nf3 Bg4 14. Nd4 Qxe5 15. Nxc6 Qf6 16. Qxd5 Be6 17. Qg5 Qxg5 18. Bxg5 h6 19. Be3 Bxe3 20. fxe3 Bd5 21. Ne7+ 1-0


[Site "https://www.chess.com"]

[Event "Titled Tuesday Blitz November 14 Early 2023"]
[White "Sailer, Mike"]
[Black "iJueles"]
[WhiteFideId "2012901"]
[WhiteElo "2079"]
[BlackElo "2364"]
[Result "1-0"]
[Round "3"]
[TimeControl "180+1"]
[Date "2023.11.14"]
[WhiteClock "0:01:45"]
[BlackClock "0:02:17"]
[Board "225"]

1. d4 Nf6 2. Bg5 Ne4 3. Bf4 d5 4. f3 Nf6 5. Nc3 Bf5 6. g4 Bg6 7. h4 h5 8. g5 Ng8 9. e3 e6 10. Bd3 Ne7 11. Nb5 Na6 12. Ne2 Bxd3 13. Qxd3 Ng6 14. O-O-O c6 15. Nbc3 Bd6 16. Bxd6 Qxd6 17. a3 Nc7 18. f4 Ne7 19. Ng3 g6 20. e4 O-O-O 21. e5 Qd7 22. Kb1 Kb8 23. Na4 Na6 24. Ne2 Rc8 25. Nc1 Nf5 26. Nb3 b6 27. Qxa6 1-0


[Site "https://www.chess.com"]

[Event "Titled Tuesday Blitz November 14 Early 2023"]
[White "Vigoa Apecheche, Yanira"]
[Black "Smirnov, Timofey"]
[WhiteFideId "3507041"]
[BlackFideId "24176427"]
[WhiteElo "2361"]
[BlackElo "2088"]
[Result "1-0"]
[Round "3"]
[TimeControl "180+1"]
[Date "2023.11.14"]
[WhiteClock "0:02:02"]
[BlackClock "0:01:09"]
[Board "226"]

1. d4 d5 2. Nf3 Nf6 3. Bf4 Bf5 4. e3 e6 5. Nbd2 Nbd7 6. Ne5 h6 7. g4 Bh7 8. h4 Nxe5 9. dxe5 Nd7 10. c4 c6 11. Qb3 Qb6 12. g5 hxg5 13. hxg5 Bc2 14. Qxb6 axb6 15. Rxh8 O-O-O 16. a3 Nc5 17. Rc1 Bd3 18. Rc3 Bg6 19. cxd5 exd5 20. Bh3+ Kc7 21. e6+ Bd6 22. Rxd8 1-0


[Site "https://www.chess.com"]

[Event "Titled Tuesday Blitz November 14 Early 2023"]
[White "Jakubowska, Anna"]
[Black "Politov, Pavel Y."]
[WhiteFideId "1121952"]
[BlackFideId "24110515"]
[WhiteElo "2356"]
[BlackElo "2075"]
[Result "0-1"]
[Round "3"]
[TimeControl "180+1"]
[Date "2023.11.14"]
[WhiteClock "0:00:38"]
[BlackClock "0:00:10"]
[Board "227"]

1. e4 c5 2. Nf3 d6 3. d4 cxd4 4. Qxd4 Nc6 5. Bb5 Bd7 6. Bxc6 Bxc6 7. c4 Nf6 8. Nc3 g6 9. Bg5 Bg7 10. Qd3 O-O 11. O-O Rc8 12. Rad1 Qc7 13. b3 Rfe8 14. a4 Nd7 15. Rfe1 Nc5 16. Qc2 Bxc3 17. Qxc3 Nxe4 18. Qe3 Nxg5 19. Nxg5 Qd7 20. c5 Qg4 21. f3 Qf5 22. cxd6 exd6 23. Qd2 Rxe1+ 24. Rxe1 Qc5+ 25. Kf1 h6 26. Nh3 Kg7 27. Nf4 d5 28. Rc1 Bb5+ 29. axb5 Qxc1+ 30. Qxc1 Rxc1+ 31. Ke2 Rc5 32. b6 axb6 33. Kd3 Rb5 34. Kc3 d4+ 35. Kc4 Rf5 36. Nd3 Rg5 37. g3 Rf5 38. f4 Rh5 39. h4 g5 40. hxg5 hxg5 41. g4 Rh4 42. fxg5 Rxg4 43. b4 Rxg5 44. Kxd4 Kf6 45. Kc4 Ke6 46. Nf2 f5 47. Nd3 Rg4+ 48. Kb5 f4 49. Kxb6 f3 50. Kxb7 Rxb4+ 51. Nxb4 f2 52. Nc6 f1=Q 53. Kc7 Qf7+ 54. Kb6 Kd6 55. Nb4 Qc7+ 56. Kb5 Qb7+ 57. Kc4 Qe4+ 58. Kb5 Qe2+ 59. Kb6 Qb2 60. Kb5 Qb3 61. Ka5 Kc5 62. Na6+ Kc4 63. Nc7 Qb7 64. Na6 Qb5# 0-1


[Site "https://www.chess.com"]

[Event "Titled Tuesday Blitz November 14 Early 2023"]
[White "Manon-og, Ramon Jr."]
[Black "Nikulina, Alena"]
[WhiteFideId "5200776"]
[BlackFideId "4172051"]
[WhiteElo "2351"]
[BlackElo "2060"]
[Result "1-0"]
[Round "3"]
[TimeControl "180+1"]
[Date "2023.11.14"]
[WhiteClock "0:00:09"]
[BlackClock "0:01:30"]
[Board "228"]

1. e4 c5 2. Nf3 e6 3. g3 Nc6 4. Bg2 d5 5. exd5 exd5 6. d4 Nf6 7. O-O Be6 8. dxc5 Bxc5 9. Ng5 O-O 10. Nxe6 fxe6 11. Nc3 Qd7 12. Bg5 Rae8 13. Qd2 d4 14. Bxf6 gxf6 15. Ne4 Bb6 16. Rad1 e5 17. Qh6 Qg7 18. Qh5 Qg6 19. Qh4 f5 20. Ng5 e4 21. Qf4 Ne5 22. h4 d3 23. cxd3 Nxd3 24. Qd2 h6 25. Nh3 Ne5 26. Qd5+ Kh8 27. Kh1 Ng4 28. Nf4 Qf7 29. Qxf7 Rxf7 30. Rd6 Nxf2+ 31. Kg1 Nd3+ 32. Kh2 Nxf4 33. gxf4 Bc7 34. Rxh6+ Kg7 35. Rh5 e3 36. Bf3 Bxf4+ 37. Kh3 Kf6 38. Bd5 Rg7 39. Rxf4 e2 40. Rhxf5+ Kg6 41. Rg5+ Kh6 42. Rf6+ Kh7 43. Rh5# 1-0


[Site "https://www.chess.com"]

[Event "Titled Tuesday Blitz November 14 Early 2023"]
[White "Winkels, Marcel"]
[Black "Almeida Junior, Alvaro Alves de"]
[WhiteFideId "1003887"]
[BlackFideId "2149974"]
[WhiteElo "2056"]
[BlackElo "2341"]
[Result "0-1"]
[Round "3"]
[TimeControl "180+1"]
[Date "2023.11.14"]
[WhiteClock "0:00:00"]
[BlackClock "0:01:19"]
[Board "229"]

1. e4 c5 2. Nf3 d6 3. d4 cxd4 4. Nxd4 Nf6 5. Nc3 a6 6. h3 e5 7. Nf3 Be6 8. g4 h6 9. Rg1 Nbd7 10. g5 hxg5 11. Nxg5 Rc8 12. Be3 Bc4 13. Bxc4 Rxc4 14. Qd3 Qc7 15. O-O-O b5 16. Kb1 b4 17. Nd5 Nxd5 18. Qxd5 Nf6 19. Qa8+ Qc8 20. Qxc8+ Rxc8 21. Rd2 Be7 22. f3 Nh5 23. Rdg2 Kd7 24. Nxf7 Rhf8 25. Ng5 Nf4 26. Bxf4 Rxf4 27. Rg4 Rcf8 28. h4 Bxg5 29. Rxg5 Rxf3 30. Rxg7+ Kc6 31. b3 R8f4 32. h5 Rh3 33. R1g5 Rxe4 34. R7g6 Rh2 35. h6 Re1+ 36. Kb2 Ree2 37. Re6 Rxc2+ 38. Kb1 Rb2+ 39. Kc1 Rxa2 40. Kb1 Rae2 41. Rg1 Rb2+ 42. Ka1 Ra2+ 43. Kb1 Rhb2+ 44. Kc1 Ra1+ 45. Kxb2 Rxg1 46. Rg6 Rxg6 47. h7 Rh6 0-1


[Site "https://www.chess.com"]

[Event "Titled Tuesday Blitz November 14 Early 2023"]
[White "Garrido, Denis"]
[Black "taleslascando"]
[WhiteFideId "601217"]
[WhiteElo "2341"]
[BlackElo "2009"]
[Result "1-0"]
[Round "3"]
[TimeControl "180+1"]
[Date "2023.11.14"]
[WhiteClock "0:01:29"]
[BlackClock "0:00:01"]
[Board "230"]

1. e4 e5 2. Nf3 Nc6 3. Bc4 Bc5 4. c3 Nf6 5. d3 a5 6. O-O d6 7. Re1 Ba7 8. Bb3 O-O 9. h3 Ne7 10. Nbd2 Ng6 11. Nf1 Nh5 12. d4 Nhf4 13. Be3 Qe7 14. Ng3 c6 15. Nf5 Bxf5 16. exf5 Nh4 17. Bxf4 Nxf5 18. dxe5 d5 19. Bc2 Qe6 20. Qd3 g6 21. Ng5 Qd7 22. e6 fxe6 23. Rxe6 Ng7 24. Be3 Bxe3 25. Rxe3 Rf5 26. Nf3 Raf8 27. Rae1 Ne8 28. Re7 Nd6 29. Rxd7 1-0


[Site "https://www.chess.com"]

[Event "Titled Tuesday Blitz November 14 Early 2023"]
[White "patzersame"]
[Black "Pasmendjambvirgulptipon98"]
[WhiteElo "2337"]
[BlackElo "2006"]
[Result "1/2-1/2"]
[Round "3"]
[TimeControl "180+1"]
[Date "2023.11.14"]
[WhiteClock "0:00:17"]
[BlackClock "0:00:07"]
[Board "231"]

1. e4 e5 2. Nf3 Nc6 3. Bc4 Bc5 4. b4 Bxb4 5. c3 Ba5 6. d4 exd4 7. O-O Nge7 8. Ng5 Ne5 9. Nxf7 Nxf7 10. Bxf7+ Kxf7 11. Qh5+ Ng6 12. Qxa5 Re8 13. Qd5+ Kf8 14. f4 Ne7 15. Qh5 Kg8 16. f5 Rf8 17. cxd4 Nc6 18. d5 Ne5 19. Bb2 Qe7 20. Nd2 d6 21. Bxe5 Qxe5 22. Rae1 Bd7 23. Nf3 Qf6 24. g4 g6 25. Qh6 Qg7 26. Qxg7+ Kxg7 27. Ng5 Rae8 28. h4 h6 29. Ne6+ Bxe6 30. fxe6 Rf6 31. Rxf6 Kxf6 32. Rf1+ Ke5 33. Rf7 Kxe4 34. Rxc7 Rb8 35. Rg7 Kxd5 36. Rxg6 Re8 37. Rxh6 Rxe6 38. Rh5+ Re5 39. Rh8 Re4 40. Rh7 Rxg4+ 41. Kf2 Rb4 42. h5 Kc6 43. Kf3 Rh4 44. h6 Rh2 45. Rh8 Kb6 46. h7 Rh3+ 47. Kg2 Rh6 48. a4 d5 49. Kf2 d4 50. Ke2 Rh3 51. Kd2 d3 52. Kd1 a6 53. Kd2 Ka5 54. Kd1 Rh2 55. Ke1 d2+ 56. Kd1 b6 57. Kc2 Kxa4 58. Kd1 a5 59. Kc2 b5 60. Kd1 b4 61. Kc2 b3+ 62. Kd1 b2 63. Rb8 Rxh7 64. Rxb2 Rh2 65. Rxd2 Rh1+ 66. Kc2 Ka3 67. Rd3+ Ka2 68. Rd4 Rh2+ 69. Kc3 Rh3+ 70. Kc2 Ra3 71. Kc1 a4 72. Rd2+ Kb3 73. Rb2+ Kc3 74. Rc2+ Kb4 75. Kb1 Kb3 76. Rb2+ Kc3 77. Rc2+ Kd3 78. Rh2 Kc4 79. Rh4+ Kd5 80. Rh5+ Ke4 81. Kb2 Rb3+ 82. Ka2 Rf3 83. Rh4+ Rf4 84. Rh3 Kf5 85. Rh5+ Ke4 86. Ra5 Kd3 87. Ka3 Kc3 88. Rc5+ Kd4 89. Rc8 Kd3 90. Rd8+ Ke3 91. Re8+ Kd3 92. Rd8+ Kc3 93. Rc8+ Kd3 94. Rd8+ 1/2-1/2


[Site "https://www.chess.com"]

[Event "Titled Tuesday Blitz November 14 Early 2023"]
[White "Castillo Pena, Patricia Evarista"]
[Black "komogro"]
[WhiteFideId "6412106"]
[WhiteElo "1998"]
[BlackElo "2328"]
[Result "1-0"]
[Round "3"]
[TimeControl "180+1"]
[Date "2023.11.14"]
[WhiteClock "0:00:43"]
[BlackClock "0:00:08"]
[Board "232"]

1. d4 Nf6 2. Nf3 e6 3. e3 d5 4. Bd3 c5 5. b3 Nc6 6. Bb2 cxd4 7. exd4 Bd6 8. O-O O-O 9. Nbd2 b6 10. a3 Nd7 11. Qe2 Qc7 12. c4 dxc4 13. bxc4 Be7 14. Rac1 Bb7 15. d5 Nd8 16. Rfe1 Nc5 17. Bb1 Bd6 18. Ne5 exd5 19. cxd5 Bxd5 20. Qh5 g6 21. Nxg6 fxg6 22. Qxd5+ Nf7 23. Ba2 Bxh2+ 24. Kh1 Rad8 25. Qg5 Bf4 26. Qf6 Be5 27. Rxe5 Rxd2 28. Bc3 Qd8 29. Re7 Rxf2 30. Qg7# 1-0


[Site "https://www.chess.com"]

[Event "Titled Tuesday Blitz November 14 Early 2023"]
[White "Lopez Del Alamo, Antonio"]
[Black "Lohani, Sujana"]
[WhiteFideId "2227339"]
[BlackFideId "12311987"]
[WhiteElo "2327"]
[BlackElo "1974"]
[Result "1-0"]
[Round "3"]
[TimeControl "180+1"]
[Date "2023.11.14"]
[WhiteClock "0:02:11"]
[BlackClock "0:00:51"]
[Board "233"]

1. e4 g6 2. d4 Bg7 3. Nc3 d6 4. h4 Nf6 5. h5 Bg4 6. f3 Bd7 7. h6 Bf8 8. g4 e5 9. Be3 exd4 10. Bxd4 Nc6 11. g5 Nxd4 12. Qxd4 Be7 13. Nd5 c5 14. Nxf6+ Bxf6 15. Qxf6 Qxf6 16. gxf6 Bc6 17. O-O-O O-O-O 18. Nh3 Rhe8 19. Ng5 Rd7 20. Nxh7 Rh8 21. Ng5 1-0


[Site "https://www.chess.com"]

[Event "Titled Tuesday Blitz November 14 Early 2023"]
[White "Goswami, Vedant"]
[Black "IsaqueGoncalvesSanto"]
[WhiteFideId "5003725"]
[WhiteElo "2317"]
[BlackElo "1881"]
[Result "1-0"]
[Round "3"]
[TimeControl "180+1"]
[Date "2023.11.14"]
[WhiteClock "0:01:07"]
[BlackClock "0:00:00"]
[Board "235"]

1. e4 e6 2. Qe2 c5 3. Nf3 Nc6 4. c3 d5 5. exd5 Qxd5 6. g3 Ne5 7. Qxe5 Qxf3 8. Rg1 Nf6 9. Bg2 Qd3 10. Na3 Bd6 11. Qe2 Qg6 12. Nc4 Bc7 13. d3 O-O 14. Be3 e5 15. Bxc5 Bg4 16. f3 Be6 17. Bxf8 Rxf8 18. O-O-O b5 19. Nxe5 Bxe5 20. Qxe5 Bxa2 21. f4 Re8 22. Qg5 Re2 23. Qxg6 hxg6 24. Rde1 Rf2 25. Ref1 Re2 26. h3 Bb3 27. Bf3 Rc2+ 28. Kb1 a5 29. Rg2 Rxg2 30. Bxg2 1-0


[Site "https://www.chess.com"]

[Event "Titled Tuesday Blitz November 14 Early 2023"]
[White "Babayeva, Nasrin"]
[Black "Umarov, Sabir"]
[WhiteFideId "13416626"]
[BlackFideId "14200538"]
[WhiteElo "1820"]
[BlackElo "2316"]
[Result "0-1"]
[Round "3"]
[TimeControl "180+1"]
[Date "2023.11.14"]
[WhiteClock "0:00:00"]
[BlackClock "0:00:09"]
[Board "236"]

1. c4 g6 2. g3 Bg7 3. Bg2 c6 4. Nf3 d6 5. O-O f5 6. Nc3 Nf6 7. b3 O-O 8. Bb2 e5 9. d4 e4 10. Ng5 h6 11. Nh3 g5 12. f3 d5 13. cxd5 cxd5 14. fxe4 fxe4 15. Nf2 Nc6 16. Na4 b6 17. Qc2 Bd7 18. Nd1 Rc8 19. Qd2 Qe7 20. Ne3 Ng4 21. Nxd5 Qd6 22. Bxe4 Rce8 23. Bf3 Be6 24. e4 Qd7 25. Rac1 Bxd5 26. exd5 Ne7 27. Nc3 Nf6 28. Ba3 Rf7 29. Rce1 Rd8 30. d6 Nf5 31. Nd5 Nxd6 32. Nxf6+ Rxf6 33. Bd5+ Kh8 34. Rxf6 Bxf6 35. Be6 Qg7 36. d5 Bd4+ 37. Kg2 Bc5 38. Bxc5 bxc5 39. Qc2 Rf8 40. Qxc5 Qb2+ 41. Kg1 Rf6 42. Qxa7 Ne4 0-1


[Site "https://www.chess.com"]

[Event "Titled Tuesday Blitz November 14 Early 2023"]
[White "DonCiao"]
[Black "Vargas, Mauricio"]
[BlackFideId "4404572"]
[WhiteElo "2127"]
[BlackElo "1864"]
[Result "1-0"]
[Round "3"]
[TimeControl "180+1"]
[Date "2023.11.14"]
[WhiteClock "0:01:14"]
[BlackClock "0:01:06"]
[Board "237"]

1. c4 e5 2. g3 Nc6 3. Nc3 f5 4. Nf3 Nf6 5. d4 e4 6. Nh4 g6 7. Bg5 Bb4 8. Qb3 Bxc3+ 9. Qxc3 O-O 10. d5 Nb8 11. Bh3 d6 12. O-O Kg7 13. f3 h6 14. Be3 Kh7 15. Bd4 Nbd7 16. Nxf5 gxf5 17. Bxf5+ Kg8 18. Be6+ Kh7 19. fxe4 Nxe4 20. Qd3 Nf6 21. Bxf6 Rxf6 22. Qxe4+ Kg7 23. Rxf6 Qxf6 24. Rf1 Qg5 25. Rf7+ Kh8 26. Qh7# 1-0


[Site "https://www.chess.com"]

[Event "Titled Tuesday Blitz November 14 Early 2023"]
[White "Nakamura, Hikaru"]
[Black "Kovalev, Vladislav"]
[WhiteFideId "2016192"]
[BlackFideId "13504398"]
[WhiteElo "3330"]
[BlackElo "2906"]
[Result "1-0"]
[Round "4"]
[TimeControl "180+1"]
[Date "2023.11.14"]
[WhiteClock "0:00:33"]
[BlackClock "0:00:00"]
[Board "1"]

1. g3 Nf6 2. Bg2 d5 3. d3 e5 4. Nd2 c6 5. e4 dxe4 6. dxe4 Bc5 7. Ngf3 Qe7 8. O-O O-O 9. b3 Bg4 10. h3 Bxf3 11. Qxf3 Nbd7 12. Nc4 Nb6 13. Nb2 a5 14. Nd3 Bd4 15. Rb1 a4 16. Bg5 axb3 17. axb3 Nbd7 18. Bd2 Ra2 19. Nb4 Ra7 20. h4 Nc5 21. Qe2 Ne6 22. c3 Bb6 23. Nd3 Nc5 24. Be3 Nfd7 25. Nb2 Ra2 26. Qc4 Rfa8 27. Bh3 Ne6 28. Bc1 Bc7 29. b4 R2a7 30. Rd1 Nb6 31. Qe2 Na4 32. Nxa4 Rxa4 33. Be3 Ra2 34. Qc4 Nf4 35. Bxf4 exf4 36. Rd7 1-0


[Site "https://www.chess.com"]

[Event "Titled Tuesday Blitz November 14 Early 2023"]
[White "Alekseenko, Kirill"]
[Black "Dubov, Daniil"]
[WhiteFideId "4135539"]
[BlackFideId "24126055"]
[WhiteElo "2903"]
[BlackElo "3135"]
[Result "1/2-1/2"]
[Round "4"]
[TimeControl "180+1"]
[Date "2023.11.14"]
[WhiteClock "0:02:04"]
[BlackClock "0:02:32"]
[Board "2"]

1. e4 e5 2. Nf3 Nc6 3. Bc4 Nf6 4. d3 Be7 5. Nc3 O-O 6. a4 d6 7. O-O Be6 8. Nd5 Bxd5 9. exd5 Nb4 10. d4 Nbxd5 11. dxe5 dxe5 12. Nxe5 c6 13. c3 Qc7 14. Nf3 Rad8 15. Qc2 Rfe8 16. Bd2 Bd6 17. Rfe1 Bf4 18. Rxe8+ Rxe8 1/2-1/2


[Site "https://www.chess.com"]

[Event "Titled Tuesday Blitz November 14 Early 2023"]
[White "Nihal Sarin"]
[Black "Salinas Herrera, Pablo"]
[WhiteFideId "25092340"]
[BlackFideId "3407128"]
[WhiteElo "3122"]
[BlackElo "2900"]
[Result "1-0"]
[Round "4"]
[TimeControl "180+1"]
[Date "2023.11.14"]
[WhiteClock "0:01:41"]
[BlackClock "0:02:29"]
[Board "3"]

1. d4 d5 2. c4 e6 3. Nf3 Nf6 4. Nc3 c6 5. Bg5 Nbd7 6. e3 Qa5 7. Nd2 dxc4 8. Bxf6 Nxf6 9. Nxc4 Qc7 10. Rc1 Be7 11. Bd3 O-O 12. O-O Rd8 13. a3 c5 14. Nb5 Qb8 15. dxc5 Bxc5 16. Bxh7+ Kxh7 17. Qxd8 Bd7 18. Qxb8 Rxb8 19. Nc3 1-0


[Site "https://www.chess.com"]

[Event "Titled Tuesday Blitz November 14 Early 2023"]
[White "Steinberg, Nitzan"]
[Black "Andreikin, Dmitry"]
[WhiteFideId "2801795"]
[BlackFideId "4158814"]
[WhiteElo "2893"]
[BlackElo "3120"]
[Result "0-1"]
[Round "4"]
[TimeControl "180+1"]
[Date "2023.11.14"]
[WhiteClock "0:00:00"]
[BlackClock "0:00:06"]
[Board "4"]

1. e4 c5 2. Nf3 g6 3. c3 d5 4. e5 Nc6 5. d4 Bg4 6. Be2 Bxf3 7. Bxf3 cxd4 8. cxd4 e6 9. Nc3 Qb6 10. Ne2 Nge7 11. g4 Bg7 12. h4 h5 13. Kf1 hxg4 14. Bxg4 O-O-O 15. b4 Kb8 16. a4 f6 17. b5 Na5 18. Ba3 Nf5 19. Bc5 Qc7 20. Rc1 Nc4 21. Bxf5 gxf5 22. Nf4 Qf7 23. exf6 Bxf6 24. Qe2 Rde8 25. h5 Bg5 26. Rxc4 dxc4 27. Ng6 Rh7 28. Qxc4 Rxh5 29. Bd6+ Ka8 30. Rxh5 Qxg6 31. Rh3 Qg8 32. Be5 Rc8 33. Qxc8+ Qxc8 34. Rh8 Bd8 35. Bf6 Qc4+ 36. Kg1 b6 37. Rxd8+ Kb7 38. Be5 Qc1+ 39. Kg2 Qg5+ 40. Bg3 Qxd8 0-1


[Site "https://www.chess.com"]

[Event "Titled Tuesday Blitz November 14 Early 2023"]
[White "Henriquez Villagra, Cristobal"]
[Black "Duda, Jan-Krzysztof"]
[WhiteFideId "3409350"]
[BlackFideId "1170546"]
[WhiteElo "2889"]
[BlackElo "3103"]
[Result "0-1"]
[Round "4"]
[TimeControl "180+1"]
[Date "2023.11.14"]
[WhiteClock "0:00:07"]
[BlackClock "0:00:04"]
[Board "5"]

1. e4 e5 2. Nf3 Nc6 3. Be2 Nf6 4. d3 d5 5. Nbd2 Bc5 6. O-O a5 7. c3 O-O 8. h3 Re8 9. Re1 h6 10. Bf1 d4 11. Nb3 Bb6 12. cxd4 a4 13. d5 axb3 14. dxc6 bxa2 15. cxb7 Bxb7 16. Qb3 Qb8 17. Rxa2 Bxe4 18. Rxa8 Bxa8 19. Nd2 e4 20. dxe4 Rxe4 21. Qd1 Bxf2+ 22. Kxf2 Qb6+ 23. Kg3 Qd6+ 24. Kf2 Qc5+ 25. Kg3 Nh5+ 26. Qxh5 Qxh5 27. Nxe4 Qg6+ 28. Kf4 Bxe4 29. Rxe4 Qg5+ 30. Kf3 Qxc1 31. Re8+ Kh7 32. Bd3+ g6 33. Re2 Kg7 34. Rc2 Qd1+ 35. Ke3 Qe1+ 36. Re2 Qb4 37. Rc2 h5 38. Bc4 Qc5+ 39. Kd3 h4 40. b3 Qd6+ 41. Kc3 c5 42. Re2 Qd4+ 43. Kc2 f5 44. Rd2 Qf4 45. Bd5 Kf6 46. Bf3 Kg5 47. Bd5 Qe3 48. Bc4 Kf4 49. Rd3 Qe1 50. Rd1 Qa5 51. Rf1+ Kg3 52. Bd5 Qa2+ 53. Kc3 Qa5+ 54. Kc2 Qa2+ 55. Kc3 Qe2 56. Rf3+ Kh2 57. Rd3 Qf2 58. Kc4 Qc2+ 59. Rc3 Qd2 60. Rd3 Qb4# 0-1


[Site "https://www.chess.com"]

[Event "Titled Tuesday Blitz November 14 Early 2023"]
[White "Bachmann, Axel"]
[Black "Firouzja, Alireza"]
[WhiteFideId "3700488"]
[BlackFideId "12573981"]
[WhiteElo "2885"]
[BlackElo "3080"]
[Result "0-1"]
[Round "4"]
[TimeControl "180+1"]
[Date "2023.11.14"]
[WhiteClock "0:00:16"]
[BlackClock "0:00:04"]
[Board "6"]

1. Nf3 c5 2. c4 g6 3. d4 cxd4 4. Nxd4 Bg7 5. e4 Nc6 6. Be3 Nf6 7. Nc3 O-O 8. Be2 d6 9. O-O Bd7 10. h3 a6 11. Rc1 Rb8 12. Nf3 b5 13. cxb5 axb5 14. e5 Nxe5 15. Nxe5 dxe5 16. b4 Qe8 17. Bc5 Bh6 18. Rc2 Bf5 19. Rb2 Ne4 20. Nd5 Nxc5 21. bxc5 Bg7 22. c6 e4 23. Rxb5 Rxb5 24. Bxb5 Qd8 25. Ne3 Qb6 26. a4 Bd4 27. Nd5 Qc5 28. Nxe7+ Kg7 29. Nxf5+ gxf5 30. Qc1 Bxf2+ 31. Kh1 Qxc1 32. Rxc1 Rc8 33. Ba6 Rc7 34. Bb7 Kf6 35. a5 Ke5 36. a6 f4 37. Ra1 Ba7 38. Ra5+ Kd6 39. Ra4 e3 40. Rxf4 e2 41. Re4 Re7 42. c7 Rxe4 0-1


[Site "https://www.chess.com"]